 Dungeon Crawl Stone Soup version 0.16.2-2-g470672f (webtiles) character file.

130 dvd the Covered (level 4, -5/40 HPs)
             Began as a Minotaur Fighter on Aug 28, 2015.
             Killed from afar by Pikel (7 damage)
             ... with a wand of magic darts
             ... on level 4 of the Dungeon.
             The game lasted 00:22:10 (2339 turns).

dvd the Covered (Minotaur Fighter)                  Turns: 2339, Time: 00:22:11

Health: -5/40      AC:  7    Str: 25    XL:     4   Next: 89%
Magic:  2/2        EV:  9    Int:  5    God:
Gold:   112        SH: 10    Dex: 10    Spells: 0 memorised, 3 levels left

rFire  . . .     SeeInvis .     y - -3 hand axe (curse)
rCold  . . .     Clarity  .     l - +0 ring mail "Roafeatteh" {Str+4}
rNeg   . . .     SustAb   .     c - +0 shield
rPois  .         Gourm    .     (helmet restricted)
rElec  .         Spirit   .     x - +0 cloak
rCorr  .         Warding  .     (no gloves)
rMut   .         Stasis   .     (no boots)
MR     .....                    (no amulet)
Stlth  ..........               (no ring)
                                (no ring)

@: not resistant to hostile enchantments, extremely unstealthy
A: retaliatory headbutt, horns 2
a: no special abilities


You were on level 4 of the Dungeon.
You were not hungry.

You visited 1 branch of the dungeon, and saw 4 of its levels.

You collected 112 gold pieces.

Inventory:

Hand weapons
 a - a +0 flail
 h - a +0 flail
 q - a +2 dagger of draining
 t - a cursed -2 war axe
 y - a cursed -3 hand axe (weapon)
Missiles
 s - 20 arrows
Armour
 b - a +0 scale mail
 c - a +0 shield (worn)
 i - a +0 cloak
 l - the +0 ring mail "Roafeatteh" (worn) {Str+4}
   (You found it on level 4 of the Dungeon)

   It affects your strength (+4).
 x - a +0 cloak (worn)
Magical devices
 n - a wand of confusion (36)
Scrolls
 f - 2 scrolls of identify
 j - a scroll of recharging
Potions
 e - 2 potions of might
 g - a potion of lignification {unknown}
 p - a potion of magic {unknown}
 u - a potion of curing {unknown}
 v - a potion of brilliance
 z - a potion of resistance {unknown}
Comestibles
 d - a bread ration
 k - 2 beef jerkies
 r - a royal jelly


   Skills:
 + Level 4.2 Fighting
 + Level 3.2 Maces & Flails
 * Level 5.2 Armour
 + Level 1.3 Dodging
 + Level 0.1 Stealth
 + Level 4.2 Shields


You had 3 spell levels left.
You didn't know any spells.

Dungeon Overview and Level Annotations

Branches:
Dungeon (4/15)
 Temple: D:4-7

Altars:
Kikubaaqudgha
Zin

Shops:
D:4 :=

Annotations:
D:4 Pikel


Innate Abilities, Weirdness & Mutations

You reflexively headbutt those who attack you in melee.
You have a pair of horns on your head.


Message History

You hear a zap.
The magic dart hits you!
You barely miss something.
You hear a zap.
The magic dart hits you!
You miss something. Your headbutt misses something. Something hits you.
Something burns you.
* * * LOW HITPOINT WARNING * * *
You hit something but do no damage.
You hear a zap.
The magic dart hits you!
* * * LOW HITPOINT WARNING * * *
Something hits you but does no damage.
You hit something but do no damage. You block its attack.
You hear a zap.
The magic dart hits you!
* * * LOW HITPOINT WARNING * * *
You hear a zap.
The magic dart hits you!
You die...

##)##############.#######..#.#
..........∩...........p......#
(...#.###..#####pp...{...#.∩.#
[##.#.# #.#.# #p########...^#
..#.#.###..#.# #p# #...#.#
............#.##{# #p#.#..#
....#####.....##.# .Kp..#.##
.#..# ###.#.##.# .#.###.#
.#..###### .# #@# ## .#
.#.......# #.# . .#.#####.#
#.# .#.# #.# #.# .#.# #.# #.#
.... ... #.# ...# .#.#. #.#
.### #.#.... ..# . # ### #.
###


You could see 4 slaves.

Vanquished Creatures
  An orc wizard (D:3)
  The ghost of dscm the Digger, a weakling OpEE (D:4)
  Robin (D:1)
  An adder (D:3)
  2 worms (D:2)
  A giant gecko (D:3)
  5 orcs
  A ball python (D:3)
  3 bats
  3 giant cockroaches
  16 goblins
  5 hobgoblins
  6 kobolds
  2 giant newts (D:2)
  4 rats
52 creatures vanquished.

Notes
Turn   | Place    | Note
--------------------------------------------------------------
     0 | D:1      | dvd, the Minotaur Fighter, began the quest for the Orb.
     0 | D:1      | Reached XP level 1. HP: 19/19 MP: 1/1
   674 | D:1      | Reached XP level 2. HP: 24/27 MP: 1/1
   679 | D:1      | Reached skill level 4 in Armour
   791 | D:2      | Noticed Robin
   962 | D:1      | Killed Robin
   962 | D:1      | Reached XP level 3. HP: 29/33 MP: 2/2
  1278 | D:2      | Reached skill level 1 in Dodging
  1509 | D:3      | Reached XP level 4. HP: 9/40 MP: 2/2
  1689 | D:3      | Found an ancient bone altar of Kikubaaqudgha.
  1948 | D:3      | Reached skill level 5 in Armour
  1974 | D:3      | Found a glowing silver altar of Zin.
  2224 | D:4      | Noticed dscm's ghost (weakling OpEE)
  2232 | D:4      | Found Plidwayl's Book Shoppe.
  2251 | D:4      | Killed dscm's ghost
  2268 | D:4      | Got a spiked ring mail
  2279 | D:4      | Identified the +0 ring mail "Roafeatteh" {Str+4} (You found it on level 4 of the Dungeon)
  2306 | D:4      | Found Qeekep's Jewellery Emporium.
  2307 | D:4      | Noticed Pikel
  2307 | D:4      | Noticed a slave
  2307 | D:4      | Noticed a slave
  2307 | D:4      | Noticed a slave
  2308 | D:4      | Noticed a slave
  2338 | D:4      | HP: 1/40 [something/wand of magic darts (3)]
  2339 | D:4      | Killed from afar by Pikel

Action                   |  1- 3 |  4- 6 || total
-------------------------+-------+-------++-------
Melee: Flail             |    84 |    35 ||   119
       Hand axe          |       |    44 ||    44
Evoke: Wand              |       |     1 ||     1
  Use: Scroll            |       |     6 ||     6
  Eat: Chunk             |     1 |     2 ||     3
       Meat ration       |       |     1 ||     1
